 Dungeon Crawl Stone Soup version 0.22-a0-82-g246a1cd83c (webtiles) character file.

14 FessEmpty3 the Shield-Bearer (level 2, 15/19 HPs)
             Began as a Gargoyle Fighter on Jan 19, 2018.
             Quit the game on level 2 of the Dungeon.
             The game lasted 00:00:27 (247 turns).

FessEmpty3 the Shield-Bearer (Gargoyle Fighter)      Turns: 247, Time: 00:00:27

Health: 15/19      AC:  9    Str: 19    XL:     2   Next: 45%
Magic:  2/2        EV:  7    Int:  8    God:
Gold:   43         SH:  9    Dex:  9    Spells: 1/1 levels left

rFire    . . .     SeeInvis .   a - +0 flail
rCold    . . .     Gourm    .   c - +0 shield
rNeg     + . .     Faith    .   b - +0 scale mail
rPois    ∞         Spirit   .   (no helmet)
rElec    +         Reflect  .   (no cloak)
rCorr    .         Harm     .   (no gloves)
MR       .....                  (no boots)
Stlth    ..........             (no amulet)
HPRegen  0.06/turn              (no ring)
MPRegen  0.08/turn              (no ring)

@: no status effects
A: negative energy resistance 1, electricity resistance, unbreathing,
petrification resistance, rot immunity, AC +2
a: no special abilities


You were on level 2 of the Dungeon.
You were not hungry.

You visited 1 branch of the dungeon, and saw 2 of its levels.

You collected 43 gold pieces.

Inventory:

Hand Weapons
 a - a +0 flail (weapon)
Armour
 b - a +0 scale mail (worn)
 c - a +0 shield (worn)
Jewellery
 l - a +4 ring of intelligence {unknown}
Scrolls
 g - 2 scrolls of identify {unknown}
 i - a scroll of random uselessness {unknown}
 k - a scroll of remove curse {unknown}
Potions
 d - a potion of might
 e - a potion of curing {unknown}
 h - a potion of agility {unknown}
 j - a potion of haste {unknown}
Comestibles
 f - 2 rations


   Skills:
 + Level 3.4 Fighting
 + Level 2.1 Maces & Flails
 + Level 3.6 Armour
 + Level 3.6 Shields


You had one spell level left.
You didn't know any spells.

Dungeon Overview and Level Annotations

Branches:
Dungeon (1/15)

Altars:


Innate Abilities, Weirdness & Mutations

You are resistant to torment.
Your stone body is resilient. (AC +2)
You are immune to poison.
You resist negative energy. (rN+)
You are resistant to electric shocks. (rElec)
You can survive without breathing.
You are immune to petrification.
You are immune to rotting.


Message History

The frilled lizard bites you but does no damage.
You sock the frilled lizard!
You kill the frilled lizard!
No target in view!
No target in view!
No target in view!
j - a ruby potion
k - a scroll labeled CENGANATHRU You open the door.
There is an open door here.
Found a stone staircase leading down.
You now have 43 gold pieces (gained 6).
l - a notched wooden ring
Found a pair of gloves.
You enter a teleport trap!
The teleport trap disappears.
Your surroundings suddenly seem different.
There is an escape hatch in the floor here.
You fall through a shaft!
The shaft crumbles and collapses.
Found a spear and a scroll labeled JESEXO COIPTI.
Are you sure you want to abandon this character and quit the game? (Confirm with "yes".)

# ####.#
###...?..
..#####........
.............#
.......@.....#
.....##......#
... ..#.)..# ≈
####....# ...#
#.## .. ..


There were no monsters in sight!

Vanquished Creatures
  2 dart slugs (D:1)
  A leopard gecko (D:1)
  A bat (D:1)
  3 hobgoblins (D:1)
  2 frilled lizards (D:1)
9 creatures vanquished.

Notes
Turn   | Place    | Note
-------+----------+-------------------------------------------
     0 | D:1      | FessEmpty3 the Gargoyle Fighter began the quest for the Orb.
     0 | D:1      | Reached XP level 1. HP: 14/14 MP: 1/1
   151 | D:1      | Reached XP level 2. HP: 12/19 MP: 2/2
   246 | D:1      | You fall through a shaft!
   247 | D:2      | Quit the game

Vault maps used:
D:1:      dpeg_arrival_snail
D:2:      lemuel_upstairs_altar, first_ration, kennysheep_slug_shrine,
          uniq_natasha

Action                   || total
-------------------------++-------
Melee: Flail             ||    32
Armor: Scale mail        ||    27
Dodge: Dodged            ||    12
Block: Shield            ||    24

Table legend:
 A = Spawn XP
 B = Non-spawn XP
 C = Spawn XP percentage of total XP
 D = Spawn monster count
 E = Non-spawn monster count
 F = Spawn count percentage of total count
 G = Total turns spent on level
                    A         B        C        D         E        F      G
               +---------+---------+-------+---------+---------+-------+---------
         Total |       0 |      21 |   0.0 |       0 |       9 |   0.0 |   247
               +---------+---------+-------+---------+---------+-------+---------
           D:1 |       0 |      21 |   0.0 |       0 |       9 |   0.0 |   246
               +---------+---------+-------+---------+---------+-------+---------
